 Dungeon Crawl Stone Soup version 0.20.0-4-g10b340a (webtiles) character file.

286 ghjk the Covered (level 6, -1/55 HPs)
             Began as a Minotaur Fighter on May 27, 2017.
             Slain by a gnoll
             ... wielding a +0 halberd
              (15 damage)
             ... on level 3 of the Dungeon.
             The game lasted 00:03:57 (1895 turns).

ghjk the Covered (Minotaur Fighter)                 Turns: 1895, Time: 00:03:58

Health: -1/55      AC:  7    Str: 23    XL:     6   Next: 8%
Magic:  5/5        EV:  8    Int:  5    God:
Gold:   138        SH: 10    Dex:  9    Spells: 5/5 levels left

rFire    . . .     SeeInvis .   a - +0 war axe
rCold    . . .     Gourm    .   c - +1 shield
rNeg     + . .     Faith    .   b - +0 scale mail
rPois    .         Spirit   .   (helmet restricted)
rElec    .         Reflect  .   (no cloak)
rCorr    .         Harm     .   (no gloves)
MR       .....                  (no boots)
Stlth    ..........             (no amulet)
Regen    0.2/turn               n - ring of positive energy
MPRegen  0.1/turn               (no ring)

@: no status effects
A: retaliatory headbutt, horns 2
a: no special abilities


You were on level 3 of the Dungeon.
You were not hungry.

You visited 1 branch of the dungeon, and saw 3 of its levels.

You collected 138 gold pieces.

Inventory:

Hand Weapons
 a - a +0 war axe (weapon)
Armour
 b - a +0 scale mail (worn)
 c - a +1 shield (worn)
Jewellery
 n - a ring of positive energy (left hand)
Scrolls
 e - a scroll of enchant armour
 h - a scroll of remove curse
Potions
 g - 2 potions of brilliance
 k - a potion of heal wounds {unknown}
 o - a potion of curing {unknown}
 p - a potion of degeneration {unknown}
Comestibles
 d - 4 fruits
 f - a bread ration
 j - a meat ration


   Skills:
 + Level 4.8 Fighting
 + Level 5.1 Axes
 + Level 5.3 Armour
 + Level 2.1 Dodging
 - Level 3.6 Shields


You had 5 spell levels left.
You didn't know any spells.

Dungeon Overview and Level Annotations

Branches:
Dungeon (3/15)

Altars:
Elyvilon


Innate Abilities, Weirdness & Mutations

You reflexively headbutt those who attack you in melee.
You have a pair of horns on your head.


Message History

You block the gnoll's attack.
Unknown command.
You block the gnoll's attack. The goblin barely misses you.
Items here: $ )) † a club; a whip; 15 gold pieces; a gnoll corpse You hit the gnoll but do no damage.
You closely miss the goblin. You block the gnoll's attack.
The gnoll hits you with a spear.
* * * LOW HITPOINT WARNING * * *
The goblin closely misses you.
You slash the gnoll!
The gnoll is heavily wounded.
You closely miss the goblin. You block the gnoll's attack.
The gnoll hits you but does no damage. The goblin hits you but does no damage.
You block the gnoll's attack.
You closely miss the gnoll.
The gnoll is heavily wounded.
You hit the goblin but do no damage. You block the gnoll's attack.
The goblin closely misses you.
The gnoll hits you from afar with a halberd!
You die...

...≈ ≈≈≈≈≈≈≈≈≈≈≈≈ ...≈
≈≈≈≈≈≈≈≈≈≈≈≈≈ .....
............. ......
............. ...... #.....
.....#####
h.##.....##...####..#.#....
gh.......g......##..#.#....
..........@))...# #.#.#).).
........#.g()...###..).)÷((
...... #.))g.(...#.....÷÷.
g.g.g≈#'#...g...........(..
....♣≈≈................##..
..♣P≈≈≈.....##........#...
#.≈≈≈≈♣.....##........#...
#♣≈≈≈≈≈...................
♣P≈≈PP.....###........#..


You could see 3 gnolls and a goblin.

Vanquished Creatures
  The ghost of skittles the Firebug, an amateur DrFE (D:3)
  An orc wizard (D:3)
  Robin (D:3)
  2 gnolls (D:3)
  An adder (D:2)
  An ooze (D:1)
  A worm (D:2)
  A dart slug (D:2)
  3 leopard geckos
  3 orcs (D:3)
  2 ball pythons
  2 giant cockroaches
  15 hobgoblins
  11 jackals
  3 quokkas (D:2)
  3 bats
  5 frilled lizards
  12 goblins
  6 kobolds
  3 rats
77 creatures vanquished.

Vanquished Creatures (others)
  A quokka (D:2)
1 creature vanquished.

Grand Total: 78 creatures vanquished

Notes
Turn   | Place    | Note
-------+----------+-------------------------------------------
     0 | D:1      | ghjk the Minotaur Fighter began the quest for the Orb.
     0 | D:1      | Reached XP level 1. HP: 19/19 MP: 0/0
   254 | D:1      | Reached XP level 2. HP: 27/27 MP: 1/1
   495 | D:1      | Reached XP level 3. HP: 32/33 MP: 2/2
   663 | D:2      | Found a white marble altar of Elyvilon.
  1256 | D:2      | Reached XP level 4. HP: 33/41 MP: 3/3
  1500 | D:3      | Noticed skittles's ghost (amateur DrFE)
  1515 | D:3      | HP: 1/41 [skittles's ghost (3)]
  1517 | D:3      | Killed skittles's ghost
  1517 | D:3      | Reached skill level 5 in Armour
  1517 | D:3      | Reached skill level 1 in Dodging
  1517 | D:3      | Reached XP level 5. HP: 2/47 MP: 4/4
  1869 | D:3      | Noticed Robin
  1885 | D:3      | Reached skill level 5 in Axes
  1890 | D:3      | Reached XP level 6. HP: 23/55 MP: 5/5
  1890 | D:3      | Killed Robin
  1895 | D:3      | Slain by a gnoll

Skill      XL: |  1  2  3  4  5 |
---------------+----------------+-----
Fighting       | 4 |  4.8
Armour         | 4 5 |  5.3
Axes           | 3 4 5 |  5.1
Dodging        | 1 2 |  2.1
Shields        | |  3.6

Action                   |  1- 3 |  4- 6 || total
-------------------------+-------+-------++-------
Melee: War axe           |    91 |    48 ||   139
       Headbutt          |    14 |    11 ||    25
  Use: Scroll            |     7 |       ||     7
       Potion            |       |     1 ||     1
  Eat: Chunk             |     1 |       ||     1
       Royal jelly       |       |     1 ||     1
Armor: Scale mail        |    37 |    29 ||    66
Dodge: Dodged            |    34 |    37 ||    71
Block: Shield            |    44 |    46 ||    90
